 Dungeon Crawl Stone Soup version 0.20.0-10-g0535bb4 (webtiles) character file.

316 shmeve the Chopper (level 6, 0/56 HPs)
             Began as a Minotaur Berserker on June 3, 2017.
             Was a Believer of Trog.
             Slain by an orc
             ... wielding a +0 dagger
              (4 damage)
             ... on level 4 of the Dungeon.
             The game lasted 00:04:28 (2114 turns).

shmeve the Chopper (Minotaur Berserker)             Turns: 2114, Time: 00:04:29

Health: 0/56       AC:  7    Str: 23    XL:     6   Next: 20%
Magic:  5/5        EV: 11    Int:  4    God:    Trog [**....]
Gold:   157        SH:  0    Dex: 10    Spells: 5/5 levels left

rFire    . . .     SeeInvis .   a - +0 hand axe
rCold    . . .     Gourm    .   (no shield)
rNeg     . . .     Faith    .   k - +0 scale mail
rPois    +         Spirit   .   (helmet restricted)
rElec    .         Reflect  .   (no cloak)
rCorr    .         Harm     .   (no gloves)
MR       ++...                  (no boots)
Stlth    ..........             (no amulet)
Regen    1.2/turn               g - ring of poison resistance
MPRegen  0.1/turn               (no ring)

@: berserk cooldown, regenerating, slowed, very slow
A: retaliatory headbutt, horns 2
a: Berserk, Trog's Hand, Burn Spellbooks, Renounce Religion


You were on level 4 of the Dungeon.
You worshipped Trog.
Trog was pleased with you.
You were very hungry.

You visited 1 branch of the dungeon, and saw 4 of its levels.

You collected 157 gold pieces.

Inventory:

Hand Weapons
 a - a +0 hand axe (weapon)
Armour
 k - a +0 scale mail (worn)
 s - a +0 plate armour
Jewellery
 g - a ring of poison resistance (left hand)
Wands
 r - a wand of lightning (7/15)
Scrolls
 d - a scroll of remove curse {unknown}
 e - a scroll of fear {unknown}
 j - a scroll of teleportation {unknown}
 l - a scroll of enchant armour {unknown}
 m - a scroll of identify {unknown}
 p - a scroll of fog {unknown}
Potions
 b - a potion of haste
 f - 2 potions of ambrosia {unknown}
 h - a potion of brilliance {unknown}
 q - a potion of lignification {unknown}
Comestibles
 c - 3 bread rations
 i - 3 royal jellies
 n - a meat ration
 o - 9 chunks of flesh


   Skills:
 * Level 5.4 Fighting
 * Level 5.4 Axes
 + Level 1.8 Throwing
 + Level 4.1 Armour
 + Level 3.2 Dodging


You had 5 spell levels left.
You didn't know any spells.

Dungeon Overview and Level Annotations

Branches:
Dungeon (4/15)
 Temple: D:4-7

Altars:
Gozag


Innate Abilities, Weirdness & Mutations

You reflexively headbutt those who attack you in melee.
You have a pair of horns on your head.


Message History

* * * LOW HITPOINT WARNING * * *
The orc barely misses you. You furiously retaliate!
You headbutt the orc!
You kill the orc!
Trog accepts your kill. The orc hits you with a short sword.
* * * LOW HITPOINT WARNING * * *
The orc wizard hits you with a dagger.
* * * LOW HITPOINT WARNING * * *
An orc comes into view. It is wielding a hand axe.
The orc shouts!
You hit the orc wizard. You headbutt the orc wizard.
The orc wizard is moderately wounded.
You slash the orc!
You kill the orc!
Trog accepts your kill.
You hit the orc but do no damage. The orc wizard hits you with a dagger.
* * * LOW HITPOINT WARNING * * *
The orc hits you but does no damage.
The orc moves out of view.
The orc wizard closely misses you. The orc hits you with a dagger.
You die...

#.#...#.# #.#?.....
#......o#
#.#...#o##
#.##.....# #..
...o# #.#####oo#
##.
#####.....)o@#.....
#..........)...#
#.##.#.#..###..#
##)##[#....# ....#
#.#.#.###$.# ..#.#
##.##.. ..... (.#.#
#.######.### #.. .
#.# #.# ... . #.#
...


You could see an orc wizard and 5 orcs.

Vanquished Creatures
  An orc warrior (D:4)
  A howler monkey (D:4)
  Ijyb (D:4)
  Terence (D:2)
  An orc wizard (D:4)
  3 gnolls (D:2)
  2 adders
  2 leopard geckos
  6 orcs (D:4)
  2 bats
  A giant cockroach (D:1)
  11 hobgoblins
  2 jackals (D:4)
  6 kobolds
  2 quokkas
  3 frilled lizards
  7 goblins
  6 rats
58 creatures vanquished.

Notes
Turn   | Place    | Note
-------+----------+-------------------------------------------
     0 | D:1      | shmeve the Minotaur Berserker began the quest for the Orb.
     0 | D:1      | Reached XP level 1. HP: 19/19 MP: 0/0
   326 | D:1      | Reached XP level 2. HP: 24/27 MP: 1/1
   697 | D:2      | Noticed Terence
   703 | D:2      | Killed Terence
   703 | D:2      | Reached XP level 3. HP: 33/33 MP: 2/2
   767 | D:2      | Reached skill level 1 in Throwing
   767 | D:2      | Reached XP level 4. HP: 36/40 MP: 3/3
  1023 | D:2      | Found an opulent altar of Gozag.
  1058 | D:2      | Reached ** piety under Trog
  2041 | D:4      | Noticed Ijyb
  2058 | D:4      | Killed Ijyb
  2058 | D:4      | Reached XP level 5. HP: 44/47 MP: 4/4
  2077 | D:4      | Noticed an orc warrior
  2091 | D:4      | Killed an orc warrior
  2091 | D:4      | Reached skill level 5 in Fighting
  2091 | D:4      | Reached skill level 5 in Axes
  2091 | D:4      | Reached XP level 6. HP: 30/56 MP: 5/5
  2114 | D:4      | Slain by an orc

Skill      XL: |  1  2  3  4  5 |
---------------+----------------+-----
Fighting       | 4 5 |  5.4
Axes           | 4 5 |  5.4
Armour         | 3 4 |  4.1
Throwing       | 1 |  1.8
Dodging        | 3 |  3.2

Action                   |  1- 3 |  4- 6 || total
-------------------------+-------+-------++-------
Melee: Hand axe          |    41 |    93 ||   134
       Headbutt          |     8 |    19 ||    27
Invok: Berserk           |     1 |     1 ||     2
       Trog's Hand       |       |     1 ||     1
  Eat: Chunk             |       |     5 ||     5
Armor: Ring mail         |    15 |       ||    15
       Scale mail        |     3 |    35 ||    38
Dodge: Dodged            |    31 |    50 ||    81
